Connexion

Sound Tigers vs Crunch

Created - 29 février 2024 at 05:49

Goals
1 2 3 T
Sound Tigers 1 2 0 3
Crunch 1 2 1 4
Shots
1 2 3 T
Sound Tigers 6 18 9 33
Crunch 14 12 11 37

GoalsPenalties
1st period
1. Sound Tigers , Joel Armia 50 (Jesper Fasth 34, Jaret Anderson-Dolan 11) at 2:54
2. Crunch , Kody Clark 21 (Blaine Byron 46, Axel Andersson 49) at 6:22
Nicolas Aube-Kubel (SYR) for Tripping (Minor) at 3:16
Jesper Fasth (BRP) for Slashing (Minor) at 3:16
2nd period
3. Crunch , Garnet Hathaway 9 (Axel Andersson 50, Mason Shaw 43) at 5:11
4. Sound Tigers , Travis Dermott 3 (Jesper Fasth 35, Jaret Anderson-Dolan 12) at 5:51 (PP)
5. Sound Tigers , Eric Staal 20 (Zach Bogosian 22, Nikita Soshnikov 24) at 6:56 (PP)
6. Crunch , Nicolas Aube-Kubel 14 (Mike Vecchione 25, Xavier Bouchard 31) at 17:46
Jaycob Megna (SYR) for Holding (Minor) at 5:35
Jaycob Megna (SYR) for High sticking (Minor) at 6:32
Garnet Hathaway (SYR) for Fighting (Major) at 10:24
Eric Staal (BRP) for Fighting (Major) at 10:24
Paul Bittner (SYR) for Tripping (Minor) at 12:41
3rd period
7. Crunch , Kody Clark 22 (Jean-Christophe Beaudin 31, Connor Corcoran 24) at 14:31
Jimmy Vesey (BRP) for Holding Stick (Minor) at 2:21
Vojtech Budik (SYR) for Cross-checking (Minor) at 5:51
Goalie Stats
Brandon Bussi (BRP), 33 saves from 37 shots - (0,892), L, 12-9-2, 59:17 minutes
Tyler Parsons (SYR), 30 saves from 33 shots - (0,909), W, 8-2-3, 60:00 minutes
3 StarsOfficial
1 - Kody Clark (SYR)
2 - Axel Andersson (SYR)
3 - Blaine Byron (SYR)
Referees : Kyle Rehman and Paul Devorski
Linesman : Andy McElman and Michel Cormier
Game Note
Garnet Hathaway and Eric Staal fight to a draw at 10:24 of 2nd period
Finance
Level 1 -- Attendance: 2000 (100,00%) -- Ticket Income $40,000
Level 2 -- Attendance: 1000 (100,00%) -- Ticket Income $15,000
Total Attendance: 3000 (100,00%)
Total Ticket Income: $55,000
Other Income: $11,000
Total Income: $66,000



Team Name Goals Shots Shots Attemp Shots Blocked PIM HIT PP PK FO%
Sound Tigers 3336979252 / 4 (50%)041%
Crunch 437691115210 / 1 (0%)259%

Sound Tigers
Player Name POS G A P +/- PIM HIT SHT SB MP PP MP PP SHT PK MP PK SHT FO% FOT
Alexander KhokhlachevC/LW/RW000000000:000:0000:0000% 0
Ashton SautnerD000-1000126:071:4101:0200% 0
Christian WolaninD000-1012120:502:5720:5700% 0
Eric StaalC/LW101-1513120:091:1810:00044% 27
Jack KopackaLW000-1010010:080:0000:000100% 1
Jaret Anderson-DolanC022-1045025:392:2401:18050% 24
Jesper FasthLW/RW0220204014:012:3120:3200% 1
Jimmy SchuldtD000-1040113:030:0000:0000% 0
Jimmy VeseyLW/RW000-1273122:352:0710:0000% 2
Joel ArmiaRW101-1017026:242:3111:02044% 9
Lukas SedlakC/LW000-100009:480:0000:0000% 0
Martin PospisilC000-1010012:580:5600:00026% 19
Nikita SoshnikovLW/RW011-1003022:362:0720:000100% 1
Ryan MacInnisC000-1003010:130:0000:25033% 12
Travis DermottD101-1031026:071:4111:0200% 0
Trevor Van RiemsdykD000-1021113:030:0000:0000% 0
Yegor KorshkovLW000000001:280:0000:4100% 0
Zach BogosianD011-1001120:502:5700:5700% 0
Crunch
Player Name POS G A P +/- PIM HIT SHT SB MP PP MP PP SHT PK MP PK SHT FO% FOT
Axel AnderssonD0221002523:450:5401:5900% 0
Blaine ByronC/LW0112012016:471:0110:56050% 2
Blake McLaughlinC/LW000000107:010:0000:00027% 11
Connor CorcoranD0111000022:000:5702:3900% 0
Garnet HathawayRW1011533021:530:5801:590100% 2
Jaycob MegnaD0001440123:351:0201:4300% 0
Jean-Christophe BeaudinC/RW0112013016:561:0100:40081% 26
Kody ClarkRW2022018016:561:0110:4000% 0
Mason ShawC/LW0111001020:090:5800:450100% 1
Mike VecchioneC/RW0110004012:100:0000:00050% 18
Mikko KokkonenD0001001222:000:5702:3900% 0
Nicolas Aube-KubelRW1010216011:060:0000:0000% 0
Patrick HarperC/LW0000000012:210:0001:14067% 3
Paul BittnerLW000027107:000:0000:0000% 0
Thomas TynanC0001003324:000:5813:02053% 32
Vaclav KarabacekRW000000007:010:0000:000100% 1
Vojtech BudikD0001211014:220:0000:1600% 0
Xavier BouchardD0111021014:150:0800:0000% 0



Play-by-Play

1st period


0:01 of 1st period - Garnet Hathaway wins face-off versus Jaret Anderson-Dolan in neutral zone.
0:01 of 1st period - Garnet Hathaway is hit by Jaret Anderson-Dolan.
0:07 of 1st period - Garnet Hathaway is hit by Jaret Anderson-Dolan and loses puck.
0:15 of 1st period - Off-side.
0:16 of 1st period - Jean-Christophe Beaudin wins face-off versus Eric Staal in neutral zone.
0:59 of 1st period - Icing by Mikko Kokkonen.
1:00 of 1st period - Jean-Christophe Beaudin wins face-off versus Martin Pospisil in Crunch zone.
1:36 of 1st period - Mason Shaw is hit by Jimmy Schuldt and loses puck.
1:42 of 1st period - Icing by Martin Pospisil.
1:43 of 1st period - Mike Vecchione wins face-off versus Martin Pospisil in Sound Tigers zone.
1:43 of 1st period - Mike Vecchione is hit by Trevor Van Riemsdyk.
1:53 of 1st period - Shot by Nicolas Aube-Kubel.
1:53 of 1st period - Stopped by Brandon Bussi without a rebound.
1:54 of 1st period - Ryan MacInnis wins face-off versus Blake McLaughlin in Sound Tigers zone.
1:54 of 1st period - Ashton Sautner is hit by Paul Bittner.
2:00 of 1st period - Jaycob Megna is hit by Jaret Anderson-Dolan.
2:13 of 1st period - Icing by Axel Andersson.
2:14 of 1st period - Eric Staal wins face-off versus Blake McLaughlin in Crunch zone.
2:21 of 1st period - Shot by Jimmy Vesey.
2:21 of 1st period - Stopped by Tyler Parsons without a rebound.
2:22 of 1st period - Jaret Anderson-Dolan wins face-off versus Thomas Tynan in Crunch zone.
2:41 of 1st period - Shot by Jesper Fasth.
2:41 of 1st period - Stopped by Tyler Parsons without a rebound.
2:42 of 1st period - Eric Staal wins face-off versus Mike Vecchione in Crunch zone.
2:46 of 1st period - Icing by Axel Andersson.
2:47 of 1st period - Jaret Anderson-Dolan wins face-off versus Mike Vecchione in Crunch zone.
2:54 of 1st period - Shot by Joel Armia.
2:54 of 1st period - Goal by Joel Armia - Sound Tigers : 1 - Crunch : 0.
2:55 of 1st period - Thomas Tynan wins face-off versus Jaret Anderson-Dolan in neutral zone.
3:06 of 1st period - Shot by Garnet Hathaway.
3:06 of 1st period - Shot Misses the Net.
3:08 of 1st period - Shot by Mason Shaw.
3:08 of 1st period - Shot Misses the Net.
3:10 of 1st period - Shot by Axel Andersson.
3:10 of 1st period - Stopped by Brandon Bussi without a rebound.
3:11 of 1st period - Mike Vecchione wins face-off versus Eric Staal in Sound Tigers zone.
3:12 of 1st period - Shot by Vojtech Budik.
3:12 of 1st period - Deflect By Mike Vecchione.
3:12 of 1st period - Stopped by Brandon Bussi without a rebound.
3:13 of 1st period - Jaret Anderson-Dolan wins face-off versus Mike Vecchione in Sound Tigers zone.
3:13 of 1st period - Jaret Anderson-Dolan is hit by Nicolas Aube-Kubel.
3:16 of 1st period - Minor Penalty to Nicolas Aube-Kubel for Tripping.
3:16 of 1st period - Minor Penalty to Jesper Fasth for Slashing.
3:17 of 1st period - Thomas Tynan wins face-off versus Joel Armia in neutral zone.
3:37 of 1st period - Icing by Jaycob Megna.
3:38 of 1st period - Joel Armia wins face-off versus Thomas Tynan in Crunch zone.
3:59 of 1st period - Shot by Joel Armia.
3:59 of 1st period - Stopped by Tyler Parsons without a rebound.
4:00 of 1st period - Martin Pospisil wins face-off versus Jean-Christophe Beaudin in Crunch zone.
4:11 of 1st period - Shot by Mikko Kokkonen.
4:11 of 1st period - Stopped by Brandon Bussi without a rebound.
4:12 of 1st period - Joel Armia wins face-off versus Thomas Tynan in Sound Tigers zone.
4:19 of 1st period - Shot by Joel Armia.
4:19 of 1st period - Shot Misses the Net.
5:17 of 1st period - Off-side.
5:18 of 1st period - Eric Staal wins face-off versus Mike Vecchione in neutral zone.
5:57 of 1st period - Patrick Harper is hit by Jimmy Vesey and loses puck.
6:18 of 1st period - Shot by Kody Clark.
6:18 of 1st period - Shot Blocked by Jimmy Schuldt.
6:20 of 1st period - Shot by Blaine Byron.
6:20 of 1st period - Shot Misses the Net.
6:22 of 1st period - Shot by Kody Clark.
6:22 of 1st period - Goal by Kody Clark - Sound Tigers : 1 - Crunch : 1.
6:23 of 1st period - Ryan MacInnis wins face-off versus Blake McLaughlin in neutral zone.
6:23 of 1st period - Ryan MacInnis is hit by Paul Bittner.
6:26 of 1st period - Jaret Anderson-Dolan is hit by Jaycob Megna and loses puck.
6:55 of 1st period - Shot by Blake McLaughlin.
6:55 of 1st period - Shot Misses the Net.
6:57 of 1st period - Shot by Paul Bittner.
6:57 of 1st period - Shot Misses the Net.
6:59 of 1st period - Shot by Axel Andersson.
6:59 of 1st period - Stopped by Brandon Bussi without a rebound.
7:00 of 1st period - Eric Staal wins face-off versus Thomas Tynan in Sound Tigers zone.
7:33 of 1st period - Shot by Mason Shaw.
7:33 of 1st period - Shot Misses the Net.
8:45 of 1st period - Off-side.
8:46 of 1st period - Mike Vecchione wins face-off versus Ryan MacInnis in neutral zone.
10:39 of 1st period - Shot by Mason Shaw.
10:39 of 1st period - Stopped by Brandon Bussi without a rebound.
10:40 of 1st period - Jean-Christophe Beaudin wins face-off versus Martin Pospisil in Sound Tigers zone.
10:43 of 1st period - Shot by Kody Clark.
10:43 of 1st period - Stopped by Brandon Bussi without a rebound.
10:44 of 1st period - Jean-Christophe Beaudin wins face-off versus Joel Armia in Sound Tigers zone.
10:52 of 1st period - Off-side.
10:53 of 1st period - Thomas Tynan wins face-off versus Jaret Anderson-Dolan in neutral zone.
11:06 of 1st period - Off-side.
11:07 of 1st period - Jean-Christophe Beaudin wins face-off versus Martin Pospisil in neutral zone.
11:19 of 1st period - Blaine Byron is hit by Trevor Van Riemsdyk and loses puck.
11:33 of 1st period - Kody Clark is hit by Jimmy Schuldt and loses puck.
11:55 of 1st period - Jack Kopacka is hit by Jaycob Megna and loses puck.
12:46 of 1st period - Shot by Xavier Bouchard.
12:46 of 1st period - Stopped by Brandon Bussi without a rebound.
12:47 of 1st period - Mike Vecchione wins face-off versus Ryan MacInnis in Sound Tigers zone.
13:08 of 1st period - Icing by Lukas Sedlak.
13:09 of 1st period - Jean-Christophe Beaudin wins face-off versus Ryan MacInnis in Sound Tigers zone.
13:13 of 1st period - Icing by Zach Bogosian.
13:14 of 1st period - Ryan MacInnis wins face-off versus Jean-Christophe Beaudin in Sound Tigers zone.
13:22 of 1st period - Icing by Mikko Kokkonen.
13:23 of 1st period - Eric Staal wins face-off versus Jean-Christophe Beaudin in Crunch zone.
13:42 of 1st period - Eric Staal is hit by Jean-Christophe Beaudin.
14:19 of 1st period - Garnet Hathaway is hit by Travis Dermott and loses puck.
14:24 of 1st period - Shot by Thomas Tynan.
14:24 of 1st period - Stopped by Brandon Bussi with a rebound.
14:44 of 1st period - Shot by Garnet Hathaway.
14:44 of 1st period - Stopped by Brandon Bussi without a rebound.
14:45 of 1st period - Mike Vecchione wins face-off versus Jaret Anderson-Dolan in Sound Tigers zone.
15:12 of 1st period - Shot by Mike Vecchione.
15:12 of 1st period - Stopped by Brandon Bussi without a rebound.
15:13 of 1st period - Martin Pospisil wins face-off versus Blake McLaughlin in Sound Tigers zone.
15:47 of 1st period - Jack Kopacka is hit by Paul Bittner and loses puck.
16:10 of 1st period - Shot by Jaret Anderson-Dolan.
16:10 of 1st period - Shot Misses the Net.
16:40 of 1st period - Shot by Ryan MacInnis.
16:40 of 1st period - Stopped by Tyler Parsons without a rebound.
16:41 of 1st period - Jean-Christophe Beaudin wins face-off versus Jimmy Vesey in Crunch zone.
16:41 of 1st period - Jean-Christophe Beaudin is hit by Jimmy Vesey.
16:56 of 1st period - Blaine Byron is hit by Travis Dermott and loses puck.
17:40 of 1st period - Off-side.
17:41 of 1st period - Thomas Tynan wins face-off versus Ryan MacInnis in neutral zone.
17:44 of 1st period - Ryan MacInnis is hit by Garnet Hathaway and loses puck.
18:45 of 1st period - Shot by Mike Vecchione.
18:45 of 1st period - Shot Misses the Net.
18:51 of 1st period - Shot by Patrick Harper.
18:51 of 1st period - Shot Misses the Net.
18:53 of 1st period - Shot by Nicolas Aube-Kubel.
18:53 of 1st period - Stopped by Brandon Bussi with a rebound.
18:55 of 1st period - Shot by Mike Vecchione.
18:55 of 1st period - Shot Misses the Net.
18:57 of 1st period - Shot by Nicolas Aube-Kubel.
18:57 of 1st period - Stopped by Brandon Bussi without a rebound.
18:58 of 1st period - Jean-Christophe Beaudin wins face-off versus Martin Pospisil in Sound Tigers zone.
18:59 of 1st period - Shot by Blaine Byron.
18:59 of 1st period - Shot Blocked by Ashton Sautner.
19:19 of 1st period - Shot by Joel Armia.
19:19 of 1st period - Stopped by Tyler Parsons without a rebound.
19:20 of 1st period - Eric Staal wins face-off versus Blake McLaughlin in Crunch zone.
19:23 of 1st period - Shot by Nikita Soshnikov.
19:23 of 1st period - Shot Blocked by Mikko Kokkonen.
Goals for this period are 1 for Sound Tigers vs 1 for Crunch.
Shots for this period are 6 for Sound Tigers vs 14 for Crunch.

2nd period


0:01 of 2nd period - Thomas Tynan wins face-off versus Jaret Anderson-Dolan in neutral zone.
0:52 of 2nd period - Jimmy Vesey is hit by Garnet Hathaway and loses puck.
1:07 of 2nd period - Shot by Zach Bogosian.
1:07 of 2nd period - Shot Blocked by Axel Andersson.
1:42 of 2nd period - Thomas Tynan is hit by Jimmy Schuldt and loses puck.
2:54 of 2nd period - Shot by Jaret Anderson-Dolan.
2:54 of 2nd period - Stopped by Tyler Parsons without a rebound.
2:55 of 2nd period - Eric Staal wins face-off versus Blake McLaughlin in Crunch zone.
3:09 of 2nd period - Off-side.
3:10 of 2nd period - Ryan MacInnis wins face-off versus Mike Vecchione in neutral zone.
3:36 of 2nd period - Shot by Nicolas Aube-Kubel.
3:36 of 2nd period - Stopped by Brandon Bussi without a rebound.
3:37 of 2nd period - Jean-Christophe Beaudin wins face-off versus Eric Staal in Sound Tigers zone.
3:38 of 2nd period - Shot by Kody Clark.
3:38 of 2nd period - Shot Blocked by Christian Wolanin.
3:52 of 2nd period - Shot by Jean-Christophe Beaudin.
3:52 of 2nd period - Shot Misses the Net.
4:05 of 2nd period - Jimmy Vesey is hit by Kody Clark and loses puck.
4:12 of 2nd period - Shot by Jean-Christophe Beaudin.
4:12 of 2nd period - Stopped by Brandon Bussi without a rebound.
4:13 of 2nd period - Mike Vecchione wins face-off versus Ryan MacInnis in Sound Tigers zone.
4:19 of 2nd period - Mike Vecchione is hit by Travis Dermott and loses puck.
4:24 of 2nd period - Shot by Nicolas Aube-Kubel.
4:24 of 2nd period - Stopped by Brandon Bussi without a rebound.
4:25 of 2nd period - Jaret Anderson-Dolan wins face-off versus Blake McLaughlin in Sound Tigers zone.
4:25 of 2nd period - Jaret Anderson-Dolan is hit by Paul Bittner.
4:38 of 2nd period - Shot by Joel Armia.
4:38 of 2nd period - Stopped by Tyler Parsons without a rebound.
4:39 of 2nd period - Thomas Tynan wins face-off versus Eric Staal in Crunch zone.
4:39 of 2nd period - Thomas Tynan is hit by Jimmy Vesey.
4:47 of 2nd period - Shot by Thomas Tynan.
4:47 of 2nd period - Stopped by Brandon Bussi without a rebound.
4:48 of 2nd period - Jaret Anderson-Dolan wins face-off versus Thomas Tynan in Sound Tigers zone.
5:11 of 2nd period - Shot by Garnet Hathaway.
5:11 of 2nd period - Goal by Garnet Hathaway - Sound Tigers : 1 - Crunch : 2.
5:12 of 2nd period - Jean-Christophe Beaudin wins face-off versus Eric Staal in neutral zone.
5:26 of 2nd period - Shot by Kody Clark.
5:26 of 2nd period - Shot Misses the Net.
5:28 of 2nd period - Shot by Kody Clark.
5:28 of 2nd period - Stopped by Brandon Bussi without a rebound.
5:29 of 2nd period - Jaret Anderson-Dolan wins face-off versus Thomas Tynan in Sound Tigers zone.
5:35 of 2nd period - Minor Penalty to Jaycob Megna for Holding.
5:36 of 2nd period - Jaret Anderson-Dolan wins face-off versus Thomas Tynan in Crunch zone.
5:43 of 2nd period - Shot by Jesper Fasth.
5:43 of 2nd period - Deflect By Jaret Anderson-Dolan.
5:43 of 2nd period - Shot Misses the Net.
5:45 of 2nd period - Shot by Jesper Fasth.
5:45 of 2nd period - Stopped by Tyler Parsons without a rebound.
5:46 of 2nd period - Jaret Anderson-Dolan wins face-off versus Thomas Tynan in Crunch zone.
5:51 of 2nd period - Shot by Travis Dermott.
5:51 of 2nd period - Goal by Travis Dermott - Sound Tigers : 2 - Crunch : 2.
5:52 of 2nd period - Jaret Anderson-Dolan wins face-off versus Thomas Tynan in neutral zone.
6:11 of 2nd period - Shot by Jesper Fasth.
6:11 of 2nd period - Shot Misses the Net.
6:13 of 2nd period - Shot by Jesper Fasth.
6:13 of 2nd period - Shot Misses the Net.
6:15 of 2nd period - Shot by Joel Armia.
6:15 of 2nd period - Shot Misses the Net.
6:17 of 2nd period - Shot by Jesper Fasth.
6:17 of 2nd period - Shot Misses the Net.
6:32 of 2nd period - Minor Penalty to Jaycob Megna for High sticking.
6:33 of 2nd period - Thomas Tynan wins face-off versus Eric Staal in Crunch zone.
6:54 of 2nd period - Shot by Zach Bogosian.
6:54 of 2nd period - Shot Blocked by Thomas Tynan.
6:56 of 2nd period - Shot by Zach Bogosian.
6:56 of 2nd period - Deflect By Eric Staal.
6:56 of 2nd period - Goal by Eric Staal - Sound Tigers : 3 - Crunch : 2.
6:57 of 2nd period - Martin Pospisil wins face-off versus Jean-Christophe Beaudin in neutral zone.
7:02 of 2nd period - Shot by Joel Armia.
7:02 of 2nd period - Stopped by Tyler Parsons without a rebound.
7:03 of 2nd period - Jean-Christophe Beaudin wins face-off versus Jaret Anderson-Dolan in Crunch zone.
7:19 of 2nd period - Shot by Jesper Fasth.
7:19 of 2nd period - Stopped by Tyler Parsons without a rebound.
7:20 of 2nd period - Eric Staal wins face-off versus Mike Vecchione in Crunch zone.
7:25 of 2nd period - Shot by Jimmy Vesey.
7:25 of 2nd period - Shot Misses the Net.
7:27 of 2nd period - Shot by Jimmy Vesey.
7:27 of 2nd period - Stopped by Tyler Parsons without a rebound.
7:28 of 2nd period - Jean-Christophe Beaudin wins face-off versus Jesper Fasth in Crunch zone.
7:39 of 2nd period - Shot by Kody Clark.
7:39 of 2nd period - Stopped by Brandon Bussi without a rebound.
7:40 of 2nd period - Thomas Tynan wins face-off versus Eric Staal in Sound Tigers zone.
7:41 of 2nd period - Shot by Mason Shaw.
7:41 of 2nd period - Shot Misses the Net.
7:43 of 2nd period - Shot by Mason Shaw.
7:43 of 2nd period - Shot Blocked by Eric Staal.
7:45 of 2nd period - Shot by Garnet Hathaway.
7:45 of 2nd period - Stopped by Brandon Bussi with a rebound.
7:53 of 2nd period - Shot by Mason Shaw.
7:53 of 2nd period - Shot Misses the Net.
8:03 of 2nd period - Garnet Hathaway is hit by Jimmy Vesey and loses puck.
9:36 of 2nd period - Shot by Mike Vecchione.
9:36 of 2nd period - Shot Misses the Net.
9:43 of 2nd period - Icing by Jesper Fasth.
9:44 of 2nd period - Blake McLaughlin wins face-off versus Jaret Anderson-Dolan in Sound Tigers zone.
9:51 of 2nd period - Shot by Blake McLaughlin.
9:51 of 2nd period - Stopped by Brandon Bussi without a rebound.
9:52 of 2nd period - Eric Staal wins face-off versus Blake McLaughlin in Sound Tigers zone.
9:52 of 2nd period - Eric Staal is hit by Paul Bittner.
10:08 of 2nd period - Shot by Paul Bittner.
10:08 of 2nd period - Stopped by Brandon Bussi without a rebound.
10:09 of 2nd period - Eric Staal wins face-off versus Thomas Tynan in Sound Tigers zone.
10:24 of 2nd period - Shot by Eric Staal.
10:24 of 2nd period - Stopped by Tyler Parsons without a rebound.
10:24 of 2nd period - Garnet Hathaway and Eric Staal fight to a draw.
10:24 of 2nd period - Penalty to Garnet Hathaway for Fighting.
10:24 of 2nd period - Penalty to Eric Staal for Fighting.
10:25 of 2nd period - Jean-Christophe Beaudin wins face-off versus Martin Pospisil in Crunch zone.
10:25 of 2nd period - Jean-Christophe Beaudin is hit by Martin Pospisil.
10:46 of 2nd period - Joel Armia is hit by Xavier Bouchard and loses puck.
11:42 of 2nd period - Shot by Nikita Soshnikov.
11:42 of 2nd period - Shot Blocked by Jaycob Megna.
11:44 of 2nd period - Shot by Trevor Van Riemsdyk.
11:44 of 2nd period - Stopped by Tyler Parsons with a rebound.
11:58 of 2nd period - Shot by Lukas Sedlak.
11:58 of 2nd period - Shot Misses the Net.
12:35 of 2nd period - Lukas Sedlak is hit by Paul Bittner and loses puck.
12:41 of 2nd period - Minor Penalty to Paul Bittner for Tripping.
12:42 of 2nd period - Nikita Soshnikov wins face-off versus Patrick Harper in Crunch zone.
12:45 of 2nd period - Shot by Christian Wolanin.
12:45 of 2nd period - Shot Misses the Net.
12:47 of 2nd period - Shot by Christian Wolanin.
12:47 of 2nd period - Stopped by Tyler Parsons without a rebound.
12:48 of 2nd period - Martin Pospisil wins face-off versus Thomas Tynan in Crunch zone.
12:55 of 2nd period - Shot by Jimmy Vesey.
12:55 of 2nd period - Shot Blocked by Mikko Kokkonen.
12:59 of 2nd period - Shot by Nikita Soshnikov.
12:59 of 2nd period - Stopped by Tyler Parsons without a rebound.
13:00 of 2nd period - Jaret Anderson-Dolan wins face-off versus Thomas Tynan in Crunch zone.
13:26 of 2nd period - Shot by Christian Wolanin.
13:26 of 2nd period - Stopped by Tyler Parsons without a rebound.
13:27 of 2nd period - Martin Pospisil wins face-off versus Blaine Byron in Crunch zone.
13:28 of 2nd period - Shot by Travis Dermott.
13:28 of 2nd period - Deflect By Jimmy Vesey.
13:28 of 2nd period - Stopped by Tyler Parsons without a rebound.
13:29 of 2nd period - Patrick Harper wins face-off versus Martin Pospisil in Crunch zone.
13:29 of 2nd period - Patrick Harper is hit by Jimmy Vesey.
13:43 of 2nd period - Shot by Ashton Sautner.
13:43 of 2nd period - Shot Blocked by Thomas Tynan.
13:45 of 2nd period - Shot by Jimmy Vesey.
13:45 of 2nd period - Shot Misses the Net.
13:47 of 2nd period - Shot by Ashton Sautner.
13:47 of 2nd period - Shot Misses the Net.
13:55 of 2nd period - Shot by Jimmy Vesey.
13:55 of 2nd period - Shot Blocked by Axel Andersson.
13:57 of 2nd period - Shot by Nikita Soshnikov.
13:57 of 2nd period - Stopped by Tyler Parsons without a rebound.
13:58 of 2nd period - Blaine Byron wins face-off versus Jaret Anderson-Dolan in Crunch zone.
14:51 of 2nd period - Icing by Xavier Bouchard.
14:52 of 2nd period - Blake McLaughlin wins face-off versus Martin Pospisil in Crunch zone.
15:02 of 2nd period - Off-side.
15:03 of 2nd period - Mike Vecchione wins face-off versus Martin Pospisil in neutral zone.
15:35 of 2nd period - Shot by Jimmy Vesey.
15:35 of 2nd period - Shot Misses the Net.
16:01 of 2nd period - Shot by Jaret Anderson-Dolan.
16:01 of 2nd period - Stopped by Tyler Parsons without a rebound.
16:02 of 2nd period - Thomas Tynan wins face-off versus Ryan MacInnis in Crunch zone.
16:08 of 2nd period - Off-side.
16:09 of 2nd period - Thomas Tynan wins face-off versus Jaret Anderson-Dolan in neutral zone.
16:15 of 2nd period - Icing by Christian Wolanin.
16:16 of 2nd period - Joel Armia wins face-off versus Thomas Tynan in Sound Tigers zone.
16:47 of 2nd period - Shot by Joel Armia.
16:47 of 2nd period - Stopped by Tyler Parsons with a rebound.
16:49 of 2nd period - Shot by Joel Armia.
16:49 of 2nd period - Shot Misses the Net.
16:51 of 2nd period - Shot by Jesper Fasth.
16:51 of 2nd period - Shot Misses the Net.
16:53 of 2nd period - Shot by Jaret Anderson-Dolan.
16:53 of 2nd period - Shot Blocked by Axel Andersson.
16:55 of 2nd period - Shot by Jaret Anderson-Dolan.
16:55 of 2nd period - Shot Blocked by Thomas Tynan.
16:57 of 2nd period - Shot by Zach Bogosian.
16:57 of 2nd period - Stopped by Tyler Parsons without a rebound.
16:58 of 2nd period - Jean-Christophe Beaudin wins face-off versus Eric Staal in Crunch zone.
17:07 of 2nd period - Shot by Jean-Christophe Beaudin.
17:07 of 2nd period - Stopped by Brandon Bussi without a rebound.
17:08 of 2nd period - Eric Staal wins face-off versus Mike Vecchione in Sound Tigers zone.
17:12 of 2nd period - Travis Dermott is hit by Xavier Bouchard and loses puck.
17:44 of 2nd period - Shot by Mike Vecchione.
17:44 of 2nd period - Shot Misses the Net.
17:46 of 2nd period - Shot by Nicolas Aube-Kubel.
17:46 of 2nd period - Goal by Nicolas Aube-Kubel - Sound Tigers : 3 - Crunch : 3.
17:47 of 2nd period - Mason Shaw wins face-off versus Jaret Anderson-Dolan in neutral zone.
17:54 of 2nd period - Shot by Garnet Hathaway.
17:54 of 2nd period - Shot Misses the Net.
18:24 of 2nd period - Shot by Garnet Hathaway.
18:24 of 2nd period - Shot Misses the Net.
18:37 of 2nd period - Off-side.
18:38 of 2nd period - Jean-Christophe Beaudin wins face-off versus Eric Staal in neutral zone.
19:15 of 2nd period - Shot by Kody Clark.
19:15 of 2nd period - Shot Blocked by Jimmy Vesey.
19:26 of 2nd period - Nikita Soshnikov is hit by Vojtech Budik and loses puck.
Goals for this period are 2 for Sound Tigers vs 2 for Crunch.
Shots for this period are 18 for Sound Tigers vs 12 for Crunch.

3rd period


0:01 of 3rd period - Thomas Tynan wins face-off versus Jaret Anderson-Dolan in neutral zone.
0:04 of 3rd period - Ashton Sautner is hit by Garnet Hathaway.
0:24 of 3rd period - Shot by Joel Armia.
0:24 of 3rd period - Shot Misses the Net.
0:38 of 3rd period - Shot by Joel Armia.
0:38 of 3rd period - Shot Blocked by Axel Andersson.
0:40 of 3rd period - Shot by Ashton Sautner.
0:40 of 3rd period - Shot Blocked by Axel Andersson.
1:10 of 3rd period - Shot by Nikita Soshnikov.
1:10 of 3rd period - Deflect By Jimmy Vesey.
1:10 of 3rd period - Shot Misses the Net.
1:16 of 3rd period - Shot by Eric Staal.
1:16 of 3rd period - Stopped by Tyler Parsons with a rebound.
1:18 of 3rd period - Shot by Zach Bogosian.
1:18 of 3rd period - Shot Misses the Net.
1:20 of 3rd period - Shot by Christian Wolanin.
1:20 of 3rd period - Shot Misses the Net.
1:22 of 3rd period - Shot by Jimmy Vesey.
1:22 of 3rd period - Deflect By Nikita Soshnikov.
1:22 of 3rd period - Shot Misses the Net.
1:24 of 3rd period - Shot by Nikita Soshnikov.
1:24 of 3rd period - Stopped by Tyler Parsons without a rebound.
1:25 of 3rd period - Jean-Christophe Beaudin wins face-off versus Martin Pospisil in Crunch zone.
1:25 of 3rd period - Jean-Christophe Beaudin is hit by Jack Kopacka.
1:30 of 3rd period - Kody Clark is hit by Jimmy Schuldt and loses puck.
2:19 of 3rd period - Shot by Jaret Anderson-Dolan.
2:19 of 3rd period - Stopped by Tyler Parsons without a rebound.
2:20 of 3rd period - Patrick Harper wins face-off versus Eric Staal in Crunch zone.
2:20 of 3rd period - Patrick Harper is hit by Jimmy Vesey.
2:21 of 3rd period - Minor Penalty to Jimmy Vesey for Holding Stick.
2:22 of 3rd period - Thomas Tynan wins face-off versus Joel Armia in Sound Tigers zone.
2:29 of 3rd period - Shot by Thomas Tynan.
2:29 of 3rd period - Stopped by Brandon Bussi without a rebound.
2:30 of 3rd period - Jean-Christophe Beaudin wins face-off versus Joel Armia in Sound Tigers zone.
2:33 of 3rd period - Shot by Kody Clark.
2:33 of 3rd period - Stopped by Brandon Bussi without a rebound.
2:34 of 3rd period - Joel Armia wins face-off versus Jean-Christophe Beaudin in Sound Tigers zone.
2:34 of 3rd period - Joel Armia is hit by Blaine Byron.
2:43 of 3rd period - Jean-Christophe Beaudin is hit by Christian Wolanin and loses puck.
2:52 of 3rd period - Shot by Blaine Byron.
2:52 of 3rd period - Shot Misses the Net.
2:54 of 3rd period - Shot by Blaine Byron.
2:54 of 3rd period - Stopped by Brandon Bussi without a rebound.
2:55 of 3rd period - Thomas Tynan wins face-off versus Joel Armia in Sound Tigers zone.
4:26 of 3rd period - Icing by Eric Staal.
4:27 of 3rd period - Mike Vecchione wins face-off versus Eric Staal in Sound Tigers zone.
4:50 of 3rd period - Mike Vecchione is hit by Jimmy Vesey.
5:51 of 3rd period - Minor Penalty to Vojtech Budik for Cross-checking.
5:52 of 3rd period - Thomas Tynan wins face-off versus Jaret Anderson-Dolan in Crunch zone.
6:25 of 3rd period - Shot by Joel Armia.
6:25 of 3rd period - Deflect By Jesper Fasth.
6:25 of 3rd period - Stopped by Tyler Parsons without a rebound.
6:26 of 3rd period - Thomas Tynan wins face-off versus Jimmy Vesey in Crunch zone.
6:57 of 3rd period - Shot by Ashton Sautner.
6:57 of 3rd period - Shot Misses the Net.
6:59 of 3rd period - Shot by Ashton Sautner.
6:59 of 3rd period - Deflect By Eric Staal.
6:59 of 3rd period - Shot Misses the Net.
7:15 of 3rd period - Jean-Christophe Beaudin is hit by Eric Staal.
7:43 of 3rd period - Shot by Joel Armia.
7:43 of 3rd period - Stopped by Tyler Parsons without a rebound.
7:44 of 3rd period - Jean-Christophe Beaudin wins face-off versus Martin Pospisil in Crunch zone.
7:57 of 3rd period - Shot by Vojtech Budik.
7:57 of 3rd period - Stopped by Brandon Bussi without a rebound.
7:58 of 3rd period - Jack Kopacka wins face-off versus Mike Vecchione in Sound Tigers zone.
8:05 of 3rd period - Shot by Nicolas Aube-Kubel.
8:05 of 3rd period - Shot Blocked by Trevor Van Riemsdyk.
8:09 of 3rd period - Shot by Mike Vecchione.
8:09 of 3rd period - Stopped by Brandon Bussi with a rebound.
8:11 of 3rd period - Shot by Nicolas Aube-Kubel.
8:11 of 3rd period - Shot Misses the Net.
8:16 of 3rd period - Icing by Jimmy Schuldt.
8:17 of 3rd period - Jean-Christophe Beaudin wins face-off versus Martin Pospisil in Sound Tigers zone.
8:18 of 3rd period - Shot by Kody Clark.
8:18 of 3rd period - Stopped by Brandon Bussi without a rebound.
8:19 of 3rd period - Jean-Christophe Beaudin wins face-off versus Eric Staal in Sound Tigers zone.
8:26 of 3rd period - Shot by Blaine Byron.
8:26 of 3rd period - Stopped by Brandon Bussi without a rebound.
8:27 of 3rd period - Eric Staal wins face-off versus Thomas Tynan in Sound Tigers zone.
9:15 of 3rd period - Icing by Connor Corcoran.
9:16 of 3rd period - Jaret Anderson-Dolan wins face-off versus Thomas Tynan in Crunch zone.
9:51 of 3rd period - Joel Armia is hit by Jaycob Megna and loses puck.
10:05 of 3rd period - Icing by Christian Wolanin.
10:06 of 3rd period - Jaret Anderson-Dolan wins face-off versus Mike Vecchione in Sound Tigers zone.
12:13 of 3rd period - Shot by Ryan MacInnis.
12:13 of 3rd period - Stopped by Tyler Parsons without a rebound.
12:14 of 3rd period - Thomas Tynan wins face-off versus Eric Staal in Crunch zone.
13:17 of 3rd period - Shot by Mike Vecchione.
13:17 of 3rd period - Shot Misses the Net.
13:19 of 3rd period - Shot by Mike Vecchione.
13:19 of 3rd period - Stopped by Brandon Bussi without a rebound.
13:20 of 3rd period - Blake McLaughlin wins face-off versus Ryan MacInnis in Sound Tigers zone.
13:37 of 3rd period - Shot by Jaret Anderson-Dolan.
13:37 of 3rd period - Stopped by Tyler Parsons with a rebound.
13:53 of 3rd period - Shot by Paul Bittner.
13:53 of 3rd period - Shot Misses the Net.
14:11 of 3rd period - Shot by Jean-Christophe Beaudin.
14:11 of 3rd period - Stopped by Brandon Bussi with a rebound.
14:13 of 3rd period - Shot by Mikko Kokkonen.
14:13 of 3rd period - Shot Blocked by Zach Bogosian.
14:15 of 3rd period - Shot by Mikko Kokkonen.
14:15 of 3rd period - Shot Misses the Net.
14:29 of 3rd period - Shot by Jean-Christophe Beaudin.
14:29 of 3rd period - Shot Misses the Net.
14:31 of 3rd period - Shot by Kody Clark.
14:31 of 3rd period - Goal by Kody Clark - Sound Tigers : 3 - Crunch : 4.
14:32 of 3rd period - Garnet Hathaway wins face-off versus Martin Pospisil in neutral zone.
16:27 of 3rd period - Shot by Jaret Anderson-Dolan.
16:27 of 3rd period - Stopped by Tyler Parsons without a rebound.
16:28 of 3rd period - Mike Vecchione wins face-off versus Ryan MacInnis in Crunch zone.
16:28 of 3rd period - Mike Vecchione is hit by Jaret Anderson-Dolan.
16:41 of 3rd period - Shot by Trevor Van Riemsdyk.
16:41 of 3rd period - Shot Misses the Net.
16:45 of 3rd period - Shot by Ryan MacInnis.
16:45 of 3rd period - Stopped by Tyler Parsons without a rebound.
16:46 of 3rd period - Vaclav Karabacek wins face-off versus Martin Pospisil in Crunch zone.
16:46 of 3rd period - Vaclav Karabacek is hit by Joel Armia.
16:56 of 3rd period - Joel Armia is hit by Paul Bittner.
17:08 of 3rd period - Shot by Zach Bogosian.
17:08 of 3rd period - Shot Misses the Net.
17:44 of 3rd period - Icing by Travis Dermott.
17:45 of 3rd period - Thomas Tynan wins face-off versus Eric Staal in Sound Tigers zone.
18:01 of 3rd period - Icing by Ashton Sautner.
18:02 of 3rd period - Jean-Christophe Beaudin wins face-off versus Eric Staal in Sound Tigers zone.
18:07 of 3rd period - Shot by Kody Clark.
18:07 of 3rd period - Stopped by Brandon Bussi with a rebound.
18:09 of 3rd period - Shot by Kody Clark.
18:09 of 3rd period - Shot Misses the Net.
18:13 of 3rd period - Shot by Jean-Christophe Beaudin.
18:13 of 3rd period - Shot Misses the Net.
19:17 of 3rd period - Sound Tigers, Brandon Bussi is pulled from the net.
19:52 of 3rd period - Jesper Fasth is hit by Jaycob Megna and loses puck.
19:55 of 3rd period - Shot by Jesper Fasth.
19:55 of 3rd period - Deflect By Joel Armia.
19:55 of 3rd period - Shot Misses the Net.
Goals for this period are 0 for Sound Tigers vs 1 for Crunch.
Shots for this period are 9 for Sound Tigers vs 11 for Crunch.